 Dungeon Crawl Stone Soup version 0.30-a0-605-gb2882149bf (webtiles) character file.

Game seed: 10796068301485738342

72 bmack86 the Trooper (level 4, 0/41 HPs)
             Began as a Minotaur Fighter on Jan 7, 2023.
             Slain by an orc priest
             ... wielding a +0 flail
              (3 damage)
             ... on level 4 of the Dungeon.
             The game lasted 00:07:01 (2323 turns).

bmack86 the Trooper (Minotaur Fighter)              Turns: 2323, Time: 00:07:01

Health: 0/41       AC: 11    Str: 22    XL:     4   Next: 6%
Magic:  3/3        EV:  7    Int:  5    God:
Gold:   98         SH:  4    Dex: 10    Spells: 3/3 levels left

rFire   . . .      SeeInvis +    a - +1 war axe
rCold   . . .      Faith    .    c - +0 buckler
rNeg    . . .      Spirit   .    g - +0 chain mail
rPois   .          Reflect  .    (helmet restricted)
rElec   .          Harm     .    p - +1 cloak
rCorr   .          Rampage  .    (no gloves)
Will    .....                    (no boots) Stlth
                                 (no amulet)
HPRegen 0.26/turn                r - ring of see invisible
MPRegen 0.08/turn                (no ring)

@: no status effects
A: horns 2, retaliatory headbutt
a: no special abilities


You were on level 4 of the Dungeon.
You visited 1 branch of the dungeon, and saw 4 of its levels.

You collected 98 gold pieces.

Inventory:

Hand Weapons
 a - a +1 war axe (weapon)
Missiles
 q - 3 poisoned darts (quivered)
Armour
 b - a +0 scale mail
 c - a +0 buckler (worn)
 g - a +0 chain mail (worn)
 p - a +1 cloak (worn)
Jewellery
 r - a ring of see invisible (left hand)
Scrolls
 f - a scroll of enchant weapon
 i - a scroll of fog
 o - 2 scrolls of teleportation
Potions
 d - 2 potions of might
 k - a potion of magic
 n - a potion of heal wounds
 s - a potion of brilliance {unknown}


   Skills:
 * Level 4.5 Fighting
 * Level 3.6 Axes
 + Level 4.1 Armour
 + Level 4.1 Shields


You had 3 spell levels left.
You didn't know any spells.
Your spell library contained the following spells:

 Spells                   Type           Power      Damage    Failure   Level
 Necrotise                Necr           0%         1d4       99%         1
 Blink                    Tloc           0%         N/A       100%        2
 Momentum Strike          Conj/Tloc      0%         3d8       100%        2
 Lesser Beckoning         Tloc           0%         N/A       100%        3
 Vampiric Draining        Necr           0%         2d6       100%        3
 Agony                    Necr           0%         N/A       100%        5


Dungeon Overview and Level Annotations

Branches:
Dungeon (4/15)
 Temple: D:4-7

Altars:
Makhleb

Shops:
D:2 *?(([


Innate Abilities, Weirdness & Mutations

You have a pair of horns on your head.
You reflexively headbutt those who attack you in melee.


Message History

The orc wizard shouts!
You hear a shout!
An orc comes into view. It is wielding a +0 flail.
An orc priest comes into view. It is wielding a +0 flail.
You hear a shout!
A goblin and an orc come into view.
The goblin shouts!
The orc priest shouts!
The orc shouts!
The orc throws a stone.
The stone hits you but does no damage.
The orc wizard hits you but does no damage.
The orc hits you with a +0 dagger.
The orc throws a stone.
You block the stone.
The orc priest calls down the wrath of Beogh upon you.
Beogh smites you!
An orc comes into view. It is wielding a +0 short sword.
The orc shouts!
You slash the orc wizard!
You kill the orc wizard!
You closely miss the orc. You slash the orc!
You kill the orc!
The orc hits you with a +0 flail.
You have reached level 4!
You feel agile.
You closely miss the orc priest. Your headbutt misses the orc priest.
You hit the goblin but do no damage. You hit the orc.
You block the goblin's attack.
An orc priest comes into view. It is wielding a +0 dagger.
The orc throws a stone.
You block the stone. The orc closely misses you.
The orc priest hits you with a +0 flail.
You barely miss the orc priest. You headbutt the orc priest!
The orc priest is heavily wounded.
You hit the goblin.
You kill the goblin!
You hit the orc but do no damage.
The orc priest invokes the aid of Beogh against you.
Beogh smites you!
* * * LOW HITPOINT WARNING * * *
The orc hits you but does no damage. The orc barely misses you.
The orc hits you but does no damage.
The orc priest calls upon Beogh to heal the orc priest.
The orc priest is healed somewhat.
The orc priest hits you with a +0 flail.
You die...

#. .## # ..# #######
####### #.# #.....#
###.....# #.# #.....#
........# #.# #.....#
........###.###.....#
..^...oo)..........>####
....o.o@....)...........
...o####)####.......####
. ..... ##.####.#
.......# #.# #.#
#.......# #.# #+#
#.......# #.# #.......#
#.. #####'### ##.


You could see 2 orc priests and 3 orcs.

Vanquished Creatures
  An orc wizard (D:4)
  An adder (D:3)
  A dart slug (D:3)
  4 orcs
  2 bats (D:1)
  4 endoplasms
  A giant cockroach (D:1)
  3 hobgoblins
  2 jackals (D:1)
  3 quokkas
  A ball python (D:3)
  2 frilled lizards
  4 goblins
  A kobold (D:3)
  3 rats
33 creatures vanquished.

Notes
Turn   | Place    | Note
-------+----------+-------------------------------------------
     0 | D:1      | bmack86 the Minotaur Fighter began the quest for the Orb.
     0 | D:1      | Reached XP level 1. HP: 19/19 MP: 0/0
   131 | D:1      | You fall into a shaft and drop 1 floor!
   166 | D:2      | Found Fimeq's Weapon Shop.
   222 | D:2      | Reached XP level 2. HP: 27/27 MP: 1/1
   833 | D:2      | Found Kunoc's Magic Scroll Boutique.
   874 | D:2      | Found Nesch's Weapon Shop.
  1020 | D:2      | Found Tugheska's Antique Armour Emporium.
  1269 | D:2      | Found Neirhiat's General Store.
  1508 | D:3      | Found a faded altar of an unknown god.
  1513 | D:3      | Found a burning altar of Makhleb.
  1594 | D:3      | Reached XP level 3. HP: 25/33 MP: 2/2
  2322 | D:4      | Reached XP level 4. HP: 18/41 MP: 3/3
  2323 | D:4      | Slain by an orc priest

Illustrated notes

Levels and vault maps discovered:
D:1:      scummos_arrival_simple_fountains, layout_basic,
          nicolae_concentric_dashed_squares_wild, chequers_serial_rivers_room_a
D:2:      layout_basic, serial_shops, nicolae_shop_hallway_plus,
          nicolae_lakefront_shop, nicolae_shop_bloodbath_and_beyond, shop,
          shop_fountains
D:3:      layout_basic, nicolae_overflow_ecumenical_swirl
D:4:      layout_basic

Skill      XL: |  1  2  3 |
---------------+----------+-----
Fighting       | 4 |  4.5
Axes           | 3 |  3.6
Shields        | 4 |  4.1
Armour         | 4 |  4.1

Action                   |  1- 3 |  4- 6 || total
-------------------------+-------+-------++-------
Melee: War axe           |    62 |     2 ||    64
       Headbutt          |     8 |     1 ||     9
  Use: Scroll            |    11 |       ||    11
Armor: Scale mail        |    11 |       ||    11
       Chain mail        |    37 |     2 ||    39
Dodge: Dodged            |    25 |     2 ||    27
Block: Buckler           |    22 |     2 ||    24

Table legend: (Time is in decaauts)
 A = Elapsed time spent in this place.
 B = Non-inter-level travel time spent in this place.
 C = Inter-level travel time spent in this place.
 D = Time resting spent in this place.
 E = Time spent auto-exploring this place.
 F = Levels seen in this place.
 G = Mean time per level.
                   A        B        C        D        E       F      G
               +--------+--------+--------+--------+--------+-----+--------+
         Total |   2349 |   2258 |     91 |      0 |   1554 |   4 |  587.2 |
       Dungeon |   2349 |   2258 |     91 |      0 |   1554 |   4 |  587.2 |
               +--------+--------+--------+--------+--------+-----+--------+

Top non-repeatable levels by time:
     D:3: 882 daAuts
     D:2: 692 daAuts
     D:1: 669 daAuts
     D:4: 103 daAuts
